Semilg, lawful female dwarven Valkyrie ---- |..| |..-- ---- ----- ------..-- |..| |...-- --- |..| |-..---..-------....---..--- --.---.........................G--- | | --.............................G.^........| |.............------...........------- | --............| |..........-- ----.........-- --.......@-|--- |..--......--- ----......--.--- ----|..<.....-- --.....f....-- |.........| --..........| ----.|....----- |......--..| -----...--.-- --....------ --.......| ------ |.......-- --....--- --..-- ---- Semilg the Stripling Experience level: 1 Strength: 18 Dexterity: 14 Constitution: 20 Intelligence: 7 Wisdom: 8 Charisma: 8 Health: 0(11) Energy: 0(0) Def: 3 Gold: 182 Moves: 1148 Dungeon seed: C51kZDlPssFNR-pD Game ID: Semilg_1570990364 Your Inventory: Coins $ - 182 gold pieces Amulets f - a cursed amulet of restful sleep Weapons a - an uncursed +1 long sword (weapon in hand) b - an uncursed +0 dagger Armor e - a blessed burnt +3 small shield (being worn) r - an uncursed +0 orcish helm Comestibles c - an uncursed food ration h - an uncursed fortune cookie Potions g - an uncursed potion of object detection Tools d - an uncursed oil lamp (0:1336) j - an uncursed blindfold Gems n - an uncursed garnet stone q - an uncursed worthless piece of white glass y - 2 uncursed worthless pieces of green glass z - an uncursed worthless piece of orange glass Spells and supernatural/magical abilities: Name Level Category Cost Memory W - pray for help -- divine ? -- Your skills at the end: Fighting Skills wands [Basic] Weapon Skills dagger [Basic] long sword [Basic] Spellcasting Skills Final Attributes: You were piously aligned. You were immune to cold. You had infravision. You were stealthy. You were lucky. Tyr was noncommittal. You are dead. Vanquished creatures: a gas spore a gecko a goblin 4 grid bugs a lichen a kobold zombie 2 newts 11 creatures vanquished. Voluntary challenges: You followed a strict vegan diet. You were an atheist. You used a wielded weapon 10 times, starting on turn 83. You were illiterate. You never genocided any monsters. You never polymorphed an object. You never changed form. You used no wishes. You never split a pudding. You never wrote Elbereth's name. You never violated your personal moral code. Dungeon overview: The Dungeons of Doom: levels 1 to 4 Level 1 some fountains, a vault a long staircase Level 2 an armor shop, a fountain Level 3 a fountain, a sink stairs to The Gnomish Mines Level 4 The Gnomish Mines: Level 4 <- You were here stairs to The Dungeons of Doom History has recorded: On T:1 you entered the Dungeons of Doom to retrieve the Amulet of Yendor! On T:331 you reached level 2 of The Dungeons of Doom. On T:678 you reached level 3 of The Dungeons of Doom. On T:806 you reached level 1 of The Gnomish Mines. On T:935 you reached level 4 of The Dungeons of Doom. Score breakdown: Gold: 182 ( 7696 points) Experience: 1 level ( 0 points) Exploration: 4 levels ( 7.84%) ( 7348 points) Discoveries: 0 items ( 0.00%) ( 0 points) Valuables value: (no points given unless you survive) Artifact value: 0 ( 0 points) Variety of kills: 7 monsters ( 1.84%) ( 4071 points) Turncount: 1148 turns ( 0 points) Survival: died (score multiplied by 80%) Total score: 15292 Latest messages: Nowhere else around here can be automatically explored. (2x) The door opens. You displace your kitten. Nowhere else around here can be automatically explored. Where do you want to travel to? The kitten displaces the gnome. You hear some noises in the distance. You see here a blindfold. j - a blindfold. You see here 2 green gems. y - 2 green gems. You displace your kitten. The gnome suddenly falls asleep! (2x) You see here an orange gem. z - an orange gem. You displace your kitten. You stop. Your kitten is in the way! You stop exploring. You kill the gas spore! You are caught in the gas spore's explosion! For some reason, you think that you can almost hear the Wizard laugh manically... Final status: Farvel Semilg the Valkyrie, killed by a gas spore's explosion... You died in The Gnomish Mines on dungeon level 4 with 15292 points, and 182 pieces of gold, after 1148 moves. You were level 1 with a maximum of 11 hit points when you died.